 Dungeon Crawl Stone Soup version 0.31-a0-625-gc9c7e45f3f (webtiles) character file.

Game seed: 17748746654862176620

53 Descartes the Trooper (level 3, 0/30 HPs)
             Began as a Vine Stalker Chaos Knight on Aug 24, 2023.
             Was a Plaything of Xom.
             Succumbed to an adder's poison
             ... on level 2 of the Dungeon.
             The game lasted 00:02:44 (582 turns).

Descartes the Trooper (Vine Stalker Chaos Knight)    Turns: 582, Time: 00:02:44

Health: 0/30       AC:  8    Str: 16    XL:     3   Next: 89%
Magic:  3/5        EV:  7    Int: 12    God:    Xom [......]
Gold:   60         SH:  0    Dex: 13    Spells: 4/4 levels left

rFire   . . .        a - +0 hand axe (chaos)
rCold   . . .        (no shield)
rNeg    . . .        d - +0 chain mail
rPois   .            (no helmet)
rElec   .            (no cloak)
rCorr   .            (no gloves)
SInv    .            (no boots)
Will    .....        (no amulet) Stlth
                     (no ring)
HPRegen 0.25/turn    (no ring)
MPRegen 0.09/turn

%: guardian spirit
@: berserking (expiring), lethally poisoned (0 -> -3), very quick
A: fangs 2, magic shield, antimagic bite, no potion heal 2
a: Renounce Religion


You were on level 2 of the Dungeon.
You worshipped Xom.
You were a very special plaything of Xom.
You visited 1 branch of the dungeon, and saw 2 of its levels.

You collected 60 gold pieces.

Inventory:

Hand Weapons
 a - a +0 hand axe of chaos (weapon)
Armour
 b - a +2 leather armour
 d - a +0 chain mail (worn)
Wands
 q - a wand of flame (24)
Scrolls
 c - a scroll of butterflies
 e - a scroll of identify {unknown}
 i - a scroll of amnesia {unknown}
 j - a scroll of fear {unknown}
 k - a scroll of acquirement {unknown}
 m - 3 scrolls of blinking {unknown}
 n - a scroll of teleportation {unknown}
 o - a scroll of noise {unknown}
 p - a scroll of enchant weapon {unknown}
Potions
 g - a potion of heal wounds {unknown}
 h - a potion of resistance {unknown}
 l - a potion of magic {unknown}


   Skills:
 + Level 3.0 Fighting
 + Level 3.0 Axes
 + Level 2.0 Armour
 + Level 1.3 Dodging
 + Level 1.0 Spellcasting
 + Level 1.0 Evocations


You had 4 spell levels left.
You didn't know any spells.
Your spell library contained the following spells:

 Spells                   Type           Power      Damage    Failure   Level
 Sting                    Tmut/Pois      0%         1d3       98%         1
 Poisonous Vapours        Pois/Air       0%         N/A       99%         2
 Olgreb's Toxic Radiance  Pois           0%         N/A       100%        4


Dungeon Overview and Level Annotations

Branches:
Dungeon (2/15)

Altars:


Innate Abilities, Weirdness & Mutations

You have extremely sharp teeth.
When hurt, damage is shared between your health and your magic reserves.
Your bite disrupts and absorbs the magic of your enemies.
Potions cannot restore your health.


Message History

The kobold is moderately wounded.
You closely miss the adder.
You feel sick. The adder bites you.
You are lethally poisoned!
The adder poisons you! The kobold hits you with a +0 club.
The adder closely misses you. The kobold barely misses you.
You hit the kobold but do no damage.
The kobold is moderately wounded.
You hit the adder but do no damage.
The adder looks as sick as possible!
* * * LOW HITPOINT WARNING * * *
You feel very sick.
You kill the adder!
You kill the kobold!
Your Axes skill increases to level 3!
Your Armour skill increases to level 2!
Your Spellcasting skill increases to level 1!
Your Evocations skill increases to level 1!
Unknown command.
There is a lethal amount of poison in your body!
Unknown command.
There is a lethal amount of poison in your body!
* * * LOW HITPOINT WARNING * * *
You feel sick.
* * * LOW HITPOINT WARNING * * *
You feel sick.
It was a potion of berserk rage.
A red film seems to cover your vision as you go berserk!
You feel yourself moving faster!
You feel mighty!
Xom is amused.
* * * LOW HITPOINT WARNING * * *
You feel sick.
Unknown command.
You are too berserk!
You are too berserk!
You are too berserk!
You are too berserk!
There is a lethal amount of poison in your body!
There is a lethal amount of poison in your body!
You feel a strong urge to attack something.
* * * LOW HITPOINT WARNING * * *
You feel sick.
You die...
Xom is highly amused!

...###.## ##
.......#. ..
.......#.#.##
......#....
#+#....#...#
#.#....#...#
#.#....##†#######
#.##.....@)......
#.#<.....†).#.....#
#........####.....#
#.#...).....+ ....#
#...####.#### ....#
###.# #.# ...# #.#
#.# .... ..# #.#
..# ..#


There were no monsters in sight!

Vanquished Creatures
  2 adders
  A dart slug (D:1)
  A bat (D:1)
  2 endoplasms (D:1)
  2 giant cockroaches
  3 goblins
  A hobgoblin (D:1)
  2 jackals (D:1)
  2 kobolds
  3 quokkas (D:1)
  6 ball pythons (D:1)
  A frilled lizard (D:1)
  5 rats
31 creatures vanquished.

Notes
Turn   | Place    | Note
-------+----------+-------------------------------------------
     0 | D:1      | Descartes the Vine Stalker Chaos Knight began the quest for
                  | the Orb.
     0 | D:1      | Reached XP level 1. HP: 11/11 MP: 2/2
    71 | D:1      | XOM: potion effect (invisibility)
    75 | D:1      | Reached skill level 1 in Dodging
    75 | D:1      | Reached XP level 2. HP: 15/16 MP: 3/3
    81 | D:1      | Found a faded altar of an unknown god.
   261 | D:1      | Reached XP level 3. HP: 19/19 MP: 4/4
   375 | D:1      | XOM: polymorph quokka -> adder
   578 | D:2      | Reached skill level 1 in Spellcasting
   578 | D:2      | Reached skill level 1 in Evocations
   579 | D:2      | HP: 1/20 [poisoned by an adder]
   582 | D:2      | Succumbed to an adder's poison

Illustrated notes

Levels and vault maps discovered:
D:1:      tarquinn_simple_flora_water_c, layout_rooms,
          nicolae_ecumenical_snake_handling, chequers_serial_rivers_room_a
D:2:      layout_basic

Skill      XL: |  1  2  3 |
---------------+----------+-----
Dodging        | 1 |  1.3
Fighting       | 3 |  3.0
Axes           | 3 |  3.0
Armour         | 2 |  2.0
Spellcasting   | 1 |  1.0
Evocations     | 1 |  1.0

Action                     || total
---------------------------++-------
  Melee: Hand axe          ||    75
         Bite              ||    10
         Punch             ||     1
    Use: Potion            ||     1
   Stab: Invisible         ||     4
 Armour: Chain mail        ||    47
         Leather armour    ||     1
  Dodge: Dodged            ||    40

Table legend: (Time is in decaauts)
 A = Elapsed time spent in this place.
 B = Non-inter-level travel time spent in this place.
 C = Inter-level travel time spent in this place.
 D = Time resting spent in this place.
 E = Time spent auto-exploring this place.
 F = Levels seen in this place.
 G = Mean time per level.
                   A        B        C        D        E       F      G
               +--------+--------+--------+--------+--------+-----+--------+
         Total |    595 |    553 |     42 |      0 |    366 |   2 |  297.5 |
       Dungeon |    595 |    553 |     42 |      0 |    366 |   2 |  297.5 |
               +--------+--------+--------+--------+--------+-----+--------+

Top non-repeatable levels by time:
     D:1: 565 daAuts
     D:2: 29 daAuts
